 Dungeon Crawl Stone Soup version 0.31-a0-40-g1d5085d191 (webtiles) character file.

Game seed: 12861578963147946192

921 lunkers the Arsonist (level 8, -17/57 HPs)
             Began as a Meteoran Fire Elementalist on May 16, 2023.
             Was a Follower of Vehumet.
             Killed from afar by a gargoyle (31 damage)
             ... with a stone arrow
             ... on level 7 of the Dungeon on May 17, 2023.
             The game lasted 00:11:54 (2669 turns).

lunkers the Arsonist (Meteoran Fire Elementalist)   Turns: 2669, Time: 00:11:55

Health: -17/57     AC:  3    Str: 10    XL:     8   Next: 57%
Magic:  15/19      EV: 12    Int: 24    God:    Vehumet [*.....]
Gold:   330        SH:  0    Dex: 15    Spells: 10/20 levels left

rFire   . . .        a - +1 short sword (elec)
rCold   . . .        (no shield)
rNeg    . . .        s - +0 robe
rPois   .            (no helmet)
rElec   .            (no cloak)
rCorr   .            (no gloves)
SInv    .            g - +0 pair of boots
Will    +....        (no amulet)
Stlth   +            u - +6 ring of intelligence
HPRegen 0.29/turn    f - ring of wizardry
MPRegen 0.16/turn

%: wizardry (x1)
@: glowing
A: sense surroundings 1, otherworldly, glowing, explore regen
a: Renounce Religion


You were on level 7 of the Dungeon.
You worshipped Vehumet.
Vehumet was aware of your devotion.
You visited 2 branches of the dungeon, and saw 8 of its levels.

You collected 330 gold pieces.

Inventory:

Hand Weapons
 a - a +1 short sword of electrocution (weapon)
 c - a +0 whip of draining
 j - a +2 whip of venom
Armour
 g - a +0 pair of boots (worn)
 s - a +0 robe (worn)
Magical Staves
 h - a staff of poison
 i - a staff of death
Jewellery
 d - a ring of protection from cold
 f - a ring of wizardry (right hand)
 n - a ring of fire
 o - a ring of protection from cold
 p - a ring of fire
 u - a +6 ring of intelligence (left hand)
Scrolls
 e - 2 scrolls of identify
 m - 2 scrolls of blinking
 t - a scroll of teleportation
 y - a scroll of torment {unknown}
 A - a scroll of amnesia
Potions
 b - a potion of magic
 k - a potion of heal wounds {unknown}
 l - 2 potions of mutation
 q - a potion of lignification
 r - a potion of invisibility
 v - a potion of cancellation
 w - a potion of might
 x - a potion of berserk rage {unknown}
 z - a potion of resistance {unknown}
 B - a potion of curing {unknown}


   Skills:
 - Level 2.4 Dodging
 - Level 1.4 Stealth
 + Level 6.7 Spellcasting
 - Level 1.2 Conjurations
 * Level 9.5 Fire Magic


You had 10 spell levels left.
You knew the following spells:

 Your Spells              Type           Power      Damage    Failure   Level
a - Foxfire               Conj/Fire      100%       2x1d9     1%          1
b - Scorch                Fire           100%       2d9       1%          2
c - Volatile Blastmotes   Fire/Tloc      62%        2d15      1%          3
d - Flame Wave            Conj/Fire      34%        2d10      3%          4

Your spell library contained the following spells:

 Spells                   Type           Power      Damage    Failure   Level
 Freeze                   Ice            32%        1d5       3%          1
 Magic Dart               Conj           52%        1d5       1%          1
 Inner Flame              Hex/Fire       31%        N/A       1%          3
 Searing Ray              Conj           26%        2d5       2%          2
 Ensorcelled Hibernation  Hex/Ice        16%        N/A       4%          2
 Passwall                 Tmut/Erth      6%         N/A       4%          2
 Swiftness                Air            8%         N/A       9%          3
 Fulminant Prism          Conj/Hex       5%         3d7       22%         4
 Manifold Assault         Tloc           8%         N/A       28%         4
 Dispersal                Tloc           4%         N/A       98%         6
 Disjunction              Tloc           4%         N/A       100%        8


Dungeon Overview and Level Annotations

Branches:
Dungeon (7/15) Zot: 1903   Temple (1/1) D:4 Zot: 231

Altars:
Ashenzari
Cheibriados
Dithmenos
Elyvilon
Fedhas
Makhleb
Nemelex Xobeh
Qazlal
Ru
Sif Muna
Uskayaw
Vehumet
Wu Jian
Xom
Yredelemnul
Zin
The Shining One


Innate Abilities, Weirdness & Mutations

You passively map a small area around you.
You are easily found by Zot.
You glow in the dark.
You regain HP and MP as you explore.


Message History

Vehumet accepts your kill.
Things that are here:
a +0 dagger; a +0 chain mail; an orc corpse
B - a sedimented dark potion You now have 330 gold pieces (gained 11).
Found a stone staircase leading up.
Found 4 stones.
You see here 4 stones.
Found 5 stones.
You see here 5 stones.
A gargoyle comes into view. It is wielding a +0 flail.
A gargoyle is nearby!
Casting: Scorch (safe; 1% risk of failure)
Confirm with . or Enter, or press ? or * to list all spells.
Okay, then.
Casting: Scorch (safe; 1% risk of failure)
Confirm with . or Enter, or press ? or * to list all spells.
A cloud of volatile blastmotes flares up around you!
The gargoyle hurls a stone arrow at you.
The stone arrow misses you.
The gargoyle hurls a stone arrow at you.
The stone arrow hits you!!
* * * LOW HITPOINT WARNING * * *
Casting: Volatile Blastmotes (safe; 1% risk of failure)
Confirm with . or Enter, or press ? or * to list all spells.
You can't see any susceptible monsters within range! (Use Z to cast anyway.) Unknown command.
The gargoyle hurls a stone arrow at you.
The stone arrow hits you!!
* * * LOW HITPOINT WARNING * * *
The cloud of blastmotes explodes!
The concussive blast engulfs the gargoyle.
The gargoyle is moderately damaged.
Casting: Volatile Blastmotes (safe; 1% risk of failure)
Confirm with . or Enter, or press ? or * to list all spells.
Flames lash the gargoyle but do no damage.
The gargoyle hurls a stone arrow at you.
The stone arrow hits you!!
Ouch! That really hurt!
You die...

###.#..#,* *
####### #.##.#.*
......###....#.###
...........### ..#
...........# #.#
...........# #.#
...........# #9#
...######### #.#
####### #@#
#.....# #.#
#...#.# #.#
###.#.# ###.#
###.#.# #...#
....#.# #####.###
#####.####.....# #
#...##.##### #
###.##.#


You could see a gargoyle.

Vanquished Creatures
  A steam dragon (D:6)
  An ogre (D:5)
  A lemure (D:5)
  2 bullfrogs
  Blork the orc (D:5)
  2 scorpions
  A howler monkey (D:4)
  A hound (D:6)
  2 orc priests
  2 jellies
  2 iguanas
  An orc wizard (D:7)
  6 adders
  A shadow imp (D:7)
  A white imp (D:7)
  3 dart slugs
  13 orcs
  2 ball pythons
  4 endoplasms
  4 giant cockroaches
  4 hobgoblins
  4 quokkas
  13 frilled lizards
  3 goblins
  6 kobolds
  6 rats
87 creatures vanquished.

Vanquished Creatures (others)
  140 foxfires
140 creatures vanquished.

Grand Total: 227 creatures vanquished

Notes
Turn   | Place    | Note
-------+----------+-------------------------------------------
     0 | D:1      | lunkers the Meteoran Fire Elementalist began the quest for
                  | the Orb.
     0 | D:1      | Reached XP level 1. HP: 14/14 MP: 5/5
    53 | D:1      | Reached XP level 2. HP: 20/20 MP: 2/6
   112 | D:1      | Reached skill level 4 in Fire Magic
   228 | D:1      | Learned a level 2 spell: Scorch
   259 | D:1      | Reached XP level 3. HP: 26/26 MP: 3/8
   567 | D:2      | Learned a level 3 spell: Volatile Blastmotes
  1047 | D:3      | Reached XP level 4. HP: 33/33 MP: 7/10
  1091 | D:3      | Reached skill level 5 in Fire Magic
  1238 | D:4      | Reached XP level 5. HP: 38/38 MP: 4/11
  1289 | D:4      | Reached skill level 6 in Fire Magic
  1289 | D:4      | Reached XP level 6. HP: 42/45 MP: 0/13
  1320 | D:4      | Found a staircase to the Ecumenical Temple.
  1330 | Temple   | Entered the Ecumenical Temple
  1628 | Temple   | Became a worshipper of Vehumet
  1738 | D:5      | Entered Level 5 of the Dungeon
  1792 | D:5      | Found a snail-covered altar of Cheibriados.
  1860 | D:5      | Noticed Blork the orc
  1867 | D:5      | Reached skill level 7 in Fire Magic
  1868 | D:5      | Killed Blork the orc
  1869 | D:5      | Reached skill level 5 in Spellcasting
  1869 | D:5      | Reached XP level 7. HP: 44/50 MP: 4/15
  2121 | D:6      | Noticed a steam dragon
  2125 | D:6      | Reached skill level 8 in Fire Magic
  2131 | D:6      | Killed a steam dragon
  2132 | D:6      | Reached XP level 8. HP: 40/57 MP: 3/17
  2345 | D:6      | Reached skill level 9 in Fire Magic
  2349 | D:6      | Upgraded the game from 0.31-a0-38-g1548c4f2a5 to
                  | 0.31-a0-40-g1d5085d191
  2395 | D:7      | Learned a level 4 spell: Flame Wave
  2493 | D:7      | Reached * piety under Vehumet
  2493 | D:7      | Offered knowledge of Freeze by Vehumet.
  2661 | D:7      | Noticed a gargoyle
  2669 | D:7      | Killed from afar by a gargoyle

Illustrated notes

Levels and vault maps discovered:
D:1:      dpeg_arrival_tiny_g, layout_rooms,
          hellmonk_ecumenical_altar_inner_sanctum
D:2:      layout_loops_corners, minmay_lizard_king
D:3:      layout_rooms, mainiacjoe_overflow_brackets, dk_noncrumbling_3
D:4:      layout_basic, minmay_temple_entry_statues_pillars
D:5:      layout_gridville, mainiacjoe_overflow_boulevard, hex_large,
          minmay_misc_feat_room, uniq_blork_the_orc
D:6:      minmay_chambers_of_sixes, layout_basic, st_stairs_10, uniq_pikel,
          uniq_sigmund, uniq_duvessa
D:7:      layout_basic
Temple:   minmay_temple_bridge_d

Skill      XL: |  1  2  3  4  5  6  7  8 |
---------------+-------------------------+-----
Fire Magic     | 4 5 6 7 8 9 |  9.5
Spellcasting   | 3 4 5 6 |  6.7
Dodging        | |  2.4
Stealth        | |  1.4
Conjurations   | |  1.2

Action                     |  1- 3 |  4- 6 |  7- 9 || total
---------------------------+-------+-------+-------++-------
  Melee: Short sword       |       |     5 |    13 ||    18
   Cast: Foxfire           |    38 |    20 |    21 ||    79
         Scorch            |     4 |    23 |    36 ||    63
         Volatile Blastmot |       |       |     1 ||     1
    Use: Scroll            |       |    11 |       ||    11
 Armour: Robe              |     5 |     4 |     7 ||    16
  Dodge: Dodged            |     2 |     6 |    15 ||    23

Table legend: (Time is in decaauts)
 A = Elapsed time spent in this place.
 B = Non-inter-level travel time spent in this place.
 C = Inter-level travel time spent in this place.
 D = Time resting spent in this place.
 E = Time spent auto-exploring this place.
 F = Levels seen in this place.
 G = Mean time per level.
                   A        B        C        D        E       F      G
               +--------+--------+--------+--------+--------+-----+--------+
         Total |   2664 |   2487 |    177 |      0 |   1808 |   8 |  333.0 |
       Dungeon |   2295 |   2262 |     33 |      0 |   1594 |   7 |  327.9 |
        Temple |    368 |    224 |    144 |      0 |    214 |   1 |  368.0 |
               +--------+--------+--------+--------+--------+-----+--------+

Top non-repeatable levels by time:
     D:2: 727 daAuts
     D:5: 384 daAuts
  Temple: 368 daAuts
     D:1: 293 daAuts
     D:7: 277 daAuts
     D:6: 266 daAuts
     D:3: 181 daAuts
     D:4: 164 daAuts
